 Dungeon Crawl Stone Soup version 0.30-a0-702-gdf48620a09 (webtiles) character file.

Game seed: 7263254733566418075

541 ragingrage the Grave Robber (level 7, 0/51 HPs)
             Began as a Gnoll Necromancer on Jan 21, 2023.
             Slain by a gnoll
             ... wielding a +0 club
             ... led by a gnoll bouda
              (2 damage)
             ... on level 7 of the Dungeon.
             The game lasted 00:04:15 (3875 turns).

ragingrage the Grave Robber (Gnoll Necromancer)     Turns: 3875, Time: 00:04:15

Health: 0/51       AC:  8    Str:  5 (7)  XL:     7   Next: 26%
Magic:  5/15       EV: 13    Int: 16 (17) God:
Gold:   236        SH:  0    Dex:  9 (12) Spells: 13/17 levels left

rFire   . . .      SeeInvis .    B - +2 dagger (drain)
rCold   + . .      Faith    .    (no shield)
rNeg    . . .      Spirit   .    x - +0 robe
rPois   .          Reflect  .    n - +0 helmet
rElec   .          Harm     .    (no cloak)
rCorr   .          Rampage  .    (no gloves)
Will    .....                    s - +0 pair of boots
Stlth   ++                       (no amulet)
HPRegen 0.28/turn                q - ring of protection from cold
MPRegen 0.14/turn                l - +4 ring of protection

@: mighty, silenced, attractive, flying
A: fangs 1, strong nose, distributed training
a: no special abilities


You were on level 7 of the Dungeon.
You visited 1 branch of the dungeon, and saw 6 of its levels.

You collected 236 gold pieces.

Inventory:

Hand Weapons
 a - a +2 falchion of holy wrath
 b - a +0 hand axe of flaming
 g - a +0 dagger
 B - a +2 dagger of draining (weapon)
Missiles
 c - a throwing net
 u - 5 javelins
 v - 6 poisoned darts
Armour
 n - a +0 helmet (worn)
 s - a +0 pair of boots (worn)
 x - a +0 robe (worn)
Jewellery
 l - a +4 ring of protection (right hand)
 q - a ring of protection from cold (left hand)
Scrolls
 f - a scroll of poison
 m - 3 scrolls of identify
 t - a scroll of fear {unknown}
 w - a scroll of vulnerability {unknown}
 y - a scroll of teleportation {unknown}
Potions
 d - 3 potions of degeneration
 e - 2 potions of cancellation
 k - 4 potions of magic
 A - a potion of might


   Skills:
 + Level 2.5 Fighting
 + Level 2.5 Short Blades
 + Level 2.5 Long Blades
 + Level 2.5 Axes
 + Level 2.5 Maces & Flails
 + Level 2.5 Polearms
 + Level 2.5 Staves
 + Level 2.5 Ranged Weapons
 + Level 2.5 Throwing
 + Level 2.5 Armour
 + Level 5.2 Dodging
 + Level 4.9 Stealth
 + Level 2.5 Shields
 + Level 2.5 Unarmed Combat
 + Level 5.6 Spellcasting
 + Level 2.0 Conjurations
 + Level 2.0 Hexes
 + Level 2.0 Summonings
 + Level 7.4 Necromancy
 + Level 2.0 Translocations
 + Level 2.0 Transmutations
 + Level 2.0 Fire Magic
 + Level 2.0 Ice Magic
 + Level 2.0 Air Magic
 + Level 2.0 Earth Magic
 + Level 2.0 Poison Magic
 + Level 2.7 Invocations
 + Level 2.5 Evocations


You had 13 spell levels left.
You knew the following spells:

 Your Spells              Type           Power      Damage    Failure   Level
a - Necrotise             Necr           100%       1d9       1%          1
b - Vampiric Draining     Necr           28%        2d8       1%          3

Your spell library contained the following spells:

 Spells                   Type           Power      Damage    Failure   Level
 Animate Dead             Necr           28%        N/A       7%          4
 Agony                    Necr           28%        N/A       19%         5


Dungeon Overview and Level Annotations

Branches:
Dungeon (7/15)
 Temple: D:4-7

Altars:
Okawaru
Wu Jian
Xom

Annotations:
D:4 Sigmund
D:6 Dowan, Duvessa, Prince Ribbit
D:7 exclusion: upstairs, Pikel


Innate Abilities, Weirdness & Mutations

You have very sharp teeth.
Your uncanny sense of smell can sniff out nearby items.
Your experience applies equally to all skills.


Message History

* * * LOW HITPOINT WARNING * * *
The gnoll closely misses you.
There is a stone staircase leading up, spattered with blood here.
Unknown command.
It was a potion of flight.
You feel very buoyant.
You fly up into the air.
Pikel hits you but does no damage.
The kobold hits you with a +0 short sword.
* * * LOW HITPOINT WARNING * * *
The water moccasin closely misses you. The gnoll closely misses you.
It was a potion of might.
You feel very mighty all of a sudden. The water moccasin closely misses you.
Pikel hits you but does no damage. The kobold closely misses you.
The gnoll hits you with a +0 club.
* * * LOW HITPOINT WARNING * * *
You barely miss Pikel. You bite Pikel.
Pikel is lightly wounded.
The water moccasin bites you but does no damage.
Pikel closely misses you. The kobold hits you but does no damage.
The gnoll hits you but does no damage. The water moccasin misses you.
You puncture Pikel! You bite Pikel!
Pikel is heavily wounded.
Pikel hits you but does no damage. The kobold barely misses you.
The water moccasin barely misses you. The gnoll closely misses you.
You barely miss Pikel.
Pikel is heavily wounded.
The water moccasin bites you but does no damage.
Pikel barely misses you. The kobold completely misses you.
You barely miss Pikel.
Pikel is heavily wounded.
The water moccasin bites you.
* * * LOW HITPOINT WARNING * * *
The gnoll hits you with a +0 club.
* * * LOW HITPOINT WARNING * * *
The kobold barely misses you. Pikel hits you but does no damage.
You puncture Pikel! You drain Pikel.
Pikel is almost dead.
The water moccasin bites you but does no damage.
The gnoll hits you with a +0 club.
You die...

#.# #### #.# #.### #..#
#...### # #..#
#.#...#### . #. #..#
#.#....... ∆ ..#.##..#
#..(≈≈≈≈.≈ ∆ ∆..5#.?K#
##...≈.....
.Y5#.KS#######....≈.≈≈§≈
...
..##gg@K.........≈.≈..§
. ..#
...#gK#######....≈.≈._.
.# ..###..5#g##
##...≈.≈..§ ..#
...Y..##O# #...≈.≈≈≈§
#..### .... #..#
#.#.≈...§§ #...#####
##..# ##'#.≈≈≈≈≈≈
#.....###[.§#
##..........
#..##.)..[#.#
##......###..
#.####O.###.##
##.......## .#


You could see Pikel (drained), a water moccasin, an ice beast (wandering), a
kobold brigand, an ogre, 4 gnolls, 2 white imps and 2 kobolds.

Vanquished Creatures
  An ogre (D:4)
  A phantom (D:4)
  A bullfrog (D:7)
  A necrophage (D:3)
  A gnoll bouda (D:7)
  2 orc wizards (D:7)
  An iguana (D:4)
  4 gnolls (D:2)
  3 adders
  2 worms (D:3)
  2 dart slugs
  5 orcs
  6 endoplasms
  A giant cockroach (D:2)
  8 goblins
  2 hobgoblins
  5 jackals (D:2)
  4 quokkas
  6 ball pythons
  4 bats
  A frilled lizard (D:1)
  4 kobolds
  4 rats
69 creatures vanquished.

Vanquished Creatures (collateral kills)
  An adder (D:4)
  A worm (D:2)
  2 endoplasms
  A ball python (D:2)
  A frilled lizard (D:1)
6 creatures vanquished.

Vanquished Creatures (others)
  3 withered plants (D:7)
3 creatures vanquished.

Grand Total: 78 creatures vanquished

Notes
Turn   | Place    | Note
-------+----------+-------------------------------------------
     0 | D:1      | ragingrage the Gnoll Necromancer began the quest for the
                  | Orb.
     0 | D:1      | Reached XP level 1. HP: 13/13 MP: 6/6
   292 | D:1      | Reached XP level 2. HP: 19/19 MP: 4/7
  1240 | D:2      | Reached skill level 5 in Spellcasting
  1240 | D:2      | Reached XP level 3. HP: 25/25 MP: 2/9
  1314 | D:2      | Learned a level 3 spell: Vampiric Draining
  1324 | D:2      | Reached skill level 1 in Invocations
  1528 | D:2      | Reached skill level 1 in Fighting
  1528 | D:2      | Reached skill level 1 in Short Blades
  1528 | D:2      | Reached skill level 1 in Long Blades
  1528 | D:2      | Reached skill level 1 in Axes
  1528 | D:2      | Reached skill level 1 in Maces & Flails
  1528 | D:2      | Reached skill level 1 in Polearms
  1528 | D:2      | Reached skill level 1 in Staves
  1528 | D:2      | Reached skill level 1 in Ranged Weapons
  1528 | D:2      | Reached skill level 1 in Throwing
  1528 | D:2      | Reached skill level 1 in Armour
  1528 | D:2      | Reached skill level 1 in Shields
  1528 | D:2      | Reached skill level 1 in Unarmed Combat
  1528 | D:2      | Reached skill level 1 in Evocations
  1619 | D:2      | Reached XP level 4. HP: 32/32 MP: 8/11
  2131 | D:2      | Reached skill level 1 in Conjurations
  2131 | D:2      | Reached skill level 1 in Hexes
  2131 | D:2      | Reached skill level 1 in Summonings
  2131 | D:2      | Reached skill level 1 in Translocations
  2131 | D:2      | Reached skill level 1 in Transmutations
  2131 | D:2      | Reached skill level 1 in Fire Magic
  2131 | D:2      | Reached skill level 1 in Ice Magic
  2131 | D:2      | Reached skill level 1 in Air Magic
  2131 | D:2      | Reached skill level 1 in Earth Magic
  2131 | D:2      | Reached skill level 1 in Poison Magic
  2292 | D:3      | Found an ornate altar of the Wu Jian Council.
  2546 | D:3      | Reached XP level 5. HP: 37/37 MP: 10/12
  3322 | D:4      | Noticed Sigmund
  3394 | D:4      | Noticed a phantom
  3406 | D:4      | Killed a phantom
  3407 | D:4      | Reached skill level 5 in Dodging
  3407 | D:4      | Reached XP level 6. HP: 41/44 MP: 14/14
  3707 | D:4      | You fall into a shaft and drop 3 floors!
  3718 | D:6      | Noticed Prince Ribbit
  3739 | D:7      | Found a shimmering altar of Xom.
  3774 | D:7      | Found an iron altar of Okawaru.
  3782 | D:7      | Reached XP level 7. HP: 47/51 MP: 15/15
  3861 | D:6      | Noticed Pikel
  3861 | D:6      | Noticed Dowan
  3862 | D:6      | Noticed Duvessa
  3874 | D:7      | HP: 2/51 [gnoll/+0 club[a gnoll bouda] (1)]
  3875 | D:7      | Slain by a gnoll

Illustrated notes

Levels and vault maps discovered:
D:1:      evilmike_arrival_crescent, layout_loops_corners,
          minmay_misc_feat_enclosed, skrybe_limestone_x
D:2:      layout_basic
D:3:      layout_loops_ring, amcnicky_altar_gilded
D:4:      layout_loops_ring, uniq_sigmund
D:6:      layout_rooms, uniq_pikel, uniq_duvessa, uniq_prince_ribbit1,
          uniq_eustachio
D:7:      layout_loops_corners, mainiacjoe_overflow_concentric_impassable,
          marbit_many_paths, serial_undead, serial_undead_d, serial_undead_e,
          serial_undead_b, serial_undead_d, nicolae_ossuary_entry_ruins,
          enter_bailey_2, gammafunk_ghost_icy, minmay_misc_feat_square,
          kennysheep_generic_room_8

Skill      XL: |  1  2  3  4  5  6  7 |
---------------+----------------------+-----
Spellcasting   | 5 |  5.6
Invocations    | 1 2 |  2.7
Fighting       | 1 2 |  2.5
Short Blades   | 1 2 |  2.5
Long Blades    | 1 2 |  2.5
Axes           | 1 2 |  2.5
Maces & Flails | 1 2 |  2.5
Polearms       | 1 2 |  2.5
Staves         | 1 2 |  2.5
Ranged Weapons | 1 2 |  2.5
Throwing       | 1 2 |  2.5
Armour         | 1 2 |  2.5
Shields        | 1 2 |  2.5
Unarmed Combat | 1 2 |  2.5
Evocations     | 1 2 |  2.5
Conjurations   | 1 2 |  2.0
Hexes          | 1 2 |  2.0
Summonings     | 1 2 |  2.0
Translocations | 1 2 |  2.0
Transmutations | 1 2 |  2.0
Fire Magic     | 1 2 |  2.0
Ice Magic      | 1 2 |  2.0
Air Magic      | 1 2 |  2.0
Earth Magic    | 1 2 |  2.0
Poison Magic   | 1 2 |  2.0
Dodging        | 5 |  5.2
Stealth        | |  4.9
Necromancy     | |  7.4

Action                   |  1- 3 |  4- 6 |  7- 9 || total
-------------------------+-------+-------+-------++-------
Melee: Unarmed           |    14 |       |       ||    14
       Dagger            |    12 |     2 |    13 ||    27
       Bite              |     2 |     3 |     4 ||     9
       Hand axe          |       |    41 |     4 ||    45
       Falchion          |       |     6 |       ||     6
       Punch             |       |     3 |       ||     3
Throw: Javelin           |       |     4 |       ||     4
 Cast: Necrotise         |    48 |    51 |     4 ||   103
       Vampiric Draining |     1 |     7 |     5 ||    13
  Use: Potion            |       |       |     6 ||     6
       Scroll            |       |       |     5 ||     5
 Stab: Distracted        |     1 |       |       ||     1
       Sleeping          |       |     1 |       ||     1
Armor: Robe              |     7 |    14 |    27 ||    48
Dodge: Dodged            |    26 |    44 |    49 ||   119

Table legend: (Time is in decaauts)
 A = Elapsed time spent in this place.
 B = Non-inter-level travel time spent in this place.
 C = Inter-level travel time spent in this place.
 D = Time resting spent in this place.
 E = Time spent auto-exploring this place.
 F = Levels seen in this place.
 G = Mean time per level.
                   A        B        C        D        E       F      G
               +--------+--------+--------+--------+--------+-----+--------+
         Total |   3884 |   3645 |    239 |    222 |   2739 |   6 |  647.3 |
       Dungeon |   3884 |   3645 |    239 |    222 |   2739 |   6 |  647.3 |
               +--------+--------+--------+--------+--------+-----+--------+

Top non-repeatable levels by time:
     D:1: 1123 daAuts
     D:2: 1117 daAuts
     D:3: 1051 daAuts
     D:4: 423 daAuts
     D:7: 159 daAuts
     D:6: 8 daAuts
